Cogmind - Beta 14 @@@ ROGUE MODE // 2024.08.25 @ 19:57:36 Player: Daffa0360 Result: Self-destructed Performance ------------- Evolutions (2) 1000 Regions Visited (4) 800 Robots Destroyed (29) 145 Value Destroyed (667) 667 Prototype IDs (1) 20 Alien Tech Used (0) 0 Bonus (11) 11 TOTAL SCORE: 2643 Bonus ------- High Alert Combat Kills 11 Cogmind --------- Core Integrity 358/550 Matter 299/300 Energy 250/250 System Corruption 4% Temperature Cool (0) Movement Walking (190) Ox1 Location -8/Materials Parts ------- > --- POWER (1) -------- Ion Engine > --- PROPULSION (2) --- Aluminum Leg > --- UTILITY (6) ------ Small Storage Unit Improved Terrain Scan Processor Hacking Suite > --- WEAPON (2) ------- Katana > --- INVENTORY (8) ---- Improved Signal Interpreter System Shield Light Assault Rifle Mining Laser Peak State ------------ > --- POWER ------------ Ion Engine > --- PROPULSION ------- Aluminum Leg Wheel > --- UTILITY ---------- Small Storage Unit Sensor Array Improved Terrain Scanner Improved Terrain Scan Processor Hacking Suite System Shield > --- WEAPON ----------- Improved EM Shotgun Mining Laser > --- INVENTORY -------- Improved Signal Interpreter System Shield Minigun Rocket Launcher [Rating: 22] Favorites ----------- Power Ion Engine Engine Ion Engine Propulsion Aluminum Leg Leg Aluminum Leg Wheel Wheel Utility Small Storage Unit Device Sensor Array Storage Small Storage Unit Processor Improved Terrain Scan Processor Hackware Hacking Suite Weapon Light Assault Rifle Energy Gun Improved EM Shotgun Ballistic Gun Light Assault Rifle Launcher Rocket Launcher Special Weapon Mining Laser Slashing Weapon Katana Build | -11 -10 -10 -9 -8 ------- Run | Yrd Mat Min Mat Mat Slots Evolved 4 | . . . 2 2 Power . | . . . . . Propulsion . | . . . . . Utility 4 | . . . 2 2 Weapon . | . . . . . Parts Attached 20 | 1 1 3 3 12 Power 2 | . . . . 2 Engine 2 | . . . . 2 Core . | . . . . . Reactor . | . . . . . Propulsion 2 | . . 1 . 1 Treads . | . . . . . Leg 1 | . . . . 1 Wheel 1 | . . 1 . . Hover . | . . . . . Flight . | . . . . . Utility 7 | 1 1 . 2 3 Device 3 | 1 1 . . 1 Storage . | . . . . . Processor 2 | . . . . 2 Hackware 2 | . . . 2 . Protection . | . . . . . Artifact . | . . . . . Weapon 9 | . . 2 1 6 Energy Gun 1 | . . . . 1 Energy Cannon . | . . . . . Ballistic Gun 4 | . . 2 . 2 Ballistic Cannon . | . . . . . Launcher 2 | . . . . 2 Special Weapon 1 | . . . 1 . Impact Weapon . | . . . . . Slashing Weapon 1 | . . . . 1 Piercing Weapon . | . . . . . Special Melee Weapon . | . . . . . Unidentified Prototypes 1 | . . . . 1 Parts Lost 9 | . . . . 9 Power 1 | . . . . 1 Propulsion 2 | . . . . 2 Utility 4 | . . . . 4 Weapon 2 | . . . . 2 Highest Loss Streak 3 | . . . . 3 To Critical Strikes . | . . . . . Average Slot Usage (%) 93 | . 100 100 100 77 Engine 11 | . 14 14 11 7 Leg 14 | . 28 17 11 3 Wheel 7 | . . 10 11 3 Device 12 | . 14 14 11 11 Storage 12 | . 14 14 11 9 Processor 2 | . . . . 9 Hackware 8 | . . . 22 18 Ballistic Gun 22 | . 28 28 21 10 Peak Build Rating 22 | 8 8 11 16 22 Average Rating 12 | 6 7 10 15 18 On Entrance 9 | 6 8 8 11 14 Naked Turns . | . . . . . Heaviest Build 17 | 13 13 15 15 17 Greatest Support 20 | 20 20 20 10 10 Greatest Overweight (x) 5 | . . 1 1 5 Average Overweight (x) . | . . . 1 1 Largest Inventory Capacity 8 | 8 8 8 8 8 Average Capacity 8 | 8 8 8 8 8 Most Carried 8 | 8 8 8 7 6 Average Carried 6 | 5 7 7 6 4 Final Capacity 8 | 8 8 8 8 8 Final Carried 8 | 8 8 8 6 4 Class Distribution -------------------- 61% | Mutant 31% | Hacker-Mutant 7% | Hacker-Skirmisher Dominant Class ---------------- Mutant | -10/Materials Mutant | -10/Mines Hacker-Mutant | -9/Materials Hacker-Mutant | -8/Materials Resources | -11 -10 -10 -9 -8 ----------- Run | Yrd Mat Min Mat Mat Matter Collected 661 | 260 14 96 46 245 Remotely . | . . . . . Salvage Created 1006 | 177 22 100 57 650 Parts 64 | 13 6 12 2 31 Haulers Intercepted 1 | . . . . 1 Recyclers Shooed 6 | . . . . 6 Parts Field Recycled . | . . . . . Retrieved Matter . | . . . . . Parts Self-Destructed . | . . . . . Prevented . | . . . . . Kills | -11 -10 -10 -9 -8 ------- Run | Yrd Mat Min Mat Mat Combat Hostiles Destroyed 18 | . . 6 1 11 Melee 5 | . . . . 5 Guns 12 | . . 6 1 5 AOE 1 | . . . . 1 Classes Destroyed 10 | 2 1 1 1 5 Worker 1 | . . . . 1 Tunneler 4 | 4 . . . . Hauler 1 | . . . . 1 Recycler 4 | 1 . . . 3 Watcher 1 | . 1 . . . Swarmer 6 | . . 6 . . Grunt 5 | . . . . 5 Brawler 2 | . . . . 2 Duelist 2 | . . . . 2 Sentry 3 | . . . 1 2 Best Kill Streak 12 | 3 1 3 1 12 Combat Bots Only 7 | . . 3 1 7 Max Kills in Single Turn 3 | 1 1 1 1 3 Gunslinging . | . . . . . Exploded 1 | . . . . 1 Melee 1 | . . . . 1 Uniques/NPCs Destroyed . | . . . . . Combat | -11 -10 -10 -9 -8 -------- Run | Yrd Mat Min Mat Mat Hostile Shots Fired 117 | . . 56 9 52 Missed 27 | . . 13 2 12 Damage Taken 1067 | . . 321 97 649 Core 243 | . . 51 . 192 Absorbed by Shields . | . . . . . Core Remaining (%) 93 | 100 . 79 100 . Volleys Fired 88 | 25 3 23 5 32 Largest 2 | 2 2 2 2 2 Hottest 100 | 40 40 45 100 100 Shots Fired 161 | 50 6 46 9 50 Gun 151 | 50 6 46 8 41 Cannon . | . . . . . Launcher 6 | . . . . 6 Special 4 | . . . 1 3 Kinetic 151 | 50 6 46 8 41 Thermal 4 | . . . 1 3 Explosive 6 | . . . . 6 Electromagnetic . | . . . . . Robot Hit Streak 15 | 10 4 4 7 15 Robot Miss Streak 5 | 2 1 5 1 4 Penetration Max . | . . . . . Secondary Targets . | . . . . . Shots Hit Robots 100 | 34 4 19 7 36 Core Hits 53 | 11 3 7 2 30 Critical Kills 1 | 1 . . . . Critical Parts Destroyed . | . . . . . Critical Strikes 2 | 1 . . . 1 Destroy 1 | 1 . . . . Sever 1 | . . . . 1 Melee Attacks 8 | . . . . 8 Impact . | . . . . . Slashing 8 | . . . . 8 Piercing . | . . . . . Sneak Attacks . | . . . . . Combat Hostiles . | . . . . . Follow-up Attacks . | . . . . . Damage Inflicted 1976 | 265 32 189 98 1392 Guns 947 | 265 32 189 98 363 Cannons . | . . . . . Explosions 818 | . . . . 818 Melee 211 | . . . . 211 Ramming . | . . . . . Kinetic 947 | 265 32 189 98 363 Thermal . | . . . . . Explosive 818 | . . . . 818 Electromagnetic . | . . . . . Impact . | . . . . . Slashing 211 | . . . . 211 Piercing . | . . . . . Highest Corruption 4 | . 1 1 . 4 Average Corruption 1 | . 1 1 . 4 Corruption Purged . | . . . . . Corruption Blocked . | . . . . . Effects 11 | . 2 4 . 5 Message Errors 1 | . . . . 1 Matter Fused 1 | . . 1 . . Heat Flow Errors 3 | . 1 1 . 1 Energy Discharges 1 | . . . . 1 Parts Fused 1 | . . 1 . . Data Loss (minor) 4 | . 1 1 . 2 Overload Shots . | . . . . . Overflow Damage 13 | . . . . 13 Projectiles . | . . . . . Explosions 13 | . . . . 13 Melee . | . . . . . Knockbacks . | . . . . . Impact . | . . . . . Kinetic . | . . . . . Secondary . | . . . . . Self-Inflicted Damage . | . . . . . Shots . | . . . . . Rammed . | . . . . . Targets Rammed . | . . . . . Kicked . | . . . . . Crushed . | . . . . . Highest Temperature 259 | . 142 134 14 259 Average Temperature 69 | . 77 60 5 103 Received Heat Transfer 303 | . . . 51 252 Siege Activations . | . . . . . Robots Corrupted . | . . . . . Combat Hostiles . | . . . . . Parts Fried . | . . . . . Impact Corruptions . | . . . . . Robots Melted . | . . . . . Combat Hostiles . | . . . . . Parts Melted . | . . . . . Heat Transferred . | . . . . . Parts Sabotaged . | . . . . . Parts Stolen . | . . . . . Parts Stripped . | . . . . . Power Chain Reactions . | . . . . . Alert | -11 -10 -10 -9 -8 ------- Run | Yrd Mat Min Mat Mat Peak Influence 416 | 25 49 88 73 416 Initial 30 | . 16 18 27 30 Average 94 | 13 42 77 64 208 Maximum Alert Level 2 | . . . . 2 Low Security (%) 86 | 100 100 100 100 41 Level 1 10 | . . . . 44 Level 2 3 | . . . . 13 Level 3 . | . . . . . Level 4 . | . . . . . Level 5 . | . . . . . High Security . | . . . . . Max Security . | . . . . . Squads Dispatched 9 | . 1 1 1 6 Investigation 3 | . 1 1 1 . Extermination . | . . . . . Reinforcement 3 | . . . . 3 Assault . | . . . . . Garrison 3 | . . . . 3 Intercept . | . . . . . Searches Triggered . | . . . . . Construction Impeded 1 | . . . . 1 Haulers Reinforced . | . . . . . Active Scanning Responses . | . . . . . Cargo Convoy Interrupts . | . . . . . Stealth | -11 -10 -10 -9 -8 --------- Run | Yrd Mat Min Mat Mat Distress Signals 3 | . . . . 3 Communications Jammed . | . . . . . Distress Signals . | . . . . . Times Spotted 30 | . 1 6 3 20 Peak Tracking Total 7 | . 1 3 2 7 Tactical Retreats 1 | . . . . 1 Traps | -11 -10 -10 -9 -8 ------- Run | Yrd Mat Min Mat Mat Traps Triggered 1 | . . . 1 . Indirectly . | . . . . . Trap Hack Attempts . | . . . . . Triggered . | . . . . . Disarmed . | . . . . . Reprogrammed . | . . . . . Reused . | . . . . . Traps Extracted . | . . . . . Installed . | . . . . . Triggered . | . . . . . Machines | -11 -10 -10 -9 -8 ---------- Run | Yrd Mat Min Mat Mat Machines Disabled . | . . . . . Max in Single Turn . | . . . . . Machines Repaired . | . . . . . Machines Dismantled . | . . . . . Machines Sabotaged . | . . . . . Overloaded Fab Kills . | . . . . . Hacking | -11 -10 -10 -9 -8 --------- Run | Yrd Mat Min Mat Mat Machines Accessed 6 | . 2 1 2 1 Terminals 5 | . 2 . 2 1 Fabricators . | . . . . . Repair Stations . | . . . . . Recycling Units . | . . . . . Scanalyzers . | . . . . . Garrison Access . | . . . . . Total Hacks 24 | . 7 1 13 3 Successful 17 | . 6 1 9 1 Failed 7 | . 1 . 4 2 Catastrophic 1 | . . . . 1 Database Lockouts . | . . . . . Manual 16 | . 5 . 8 3 Terminals 23 | . 7 . 13 3 Fabricators . | . . . . . Repair Stations . | . . . . . Recycling Units . | . . . . . Scanalyzers . | . . . . . Garrison Access . | . . . . . Terminal Hacks 5 | . 1 1 3 . Open Door 1 | . . 1 . . Alert Level 1 | . . . 1 . Locate Traps 1 | . . . 1 . Hauler Manifests 1 | . 1 . . . Zone Layout 1 | . . . 1 . Fabricator Hacks . | . . . . . Repair Station Hacks . | . . . . . Recycling Unit Hacks . | . . . . . Scanalyzer . | . . . . . Garrison Access Hacks . | . . . . . Unauthorized Hacks 12 | . 5 . 6 1 Terminals 12 | . 5 . 6 1 Assimilate 2 | . . . 2 . Botnet 5 | . 2 . 2 1 Operators 1 | . 1 . . . Skim 4 | . 2 . 2 . Fabricators . | . . . . . Repair Stations . | . . . . . Recycling Units . | . . . . . Scanalyzers . | . . . . . Garrison Access . | . . . . . Data Cores Recovered . | . . . . . Used . | . . . . . Hacking Detections 5 | . 2 . 2 1 Full Trace Events 1 | . 1 . . . Feedback Events 1 | . 1 . . . Corruption 1 | . 1 . . . Feedback Blocked . | . . . . . Robot Schematics Acquired . | . . . . . Robots Built . | . . . . . Authchips . | . . . . . Time . | . . . . . Total Robot Build Rating . | . . . . . Part Schematics Acquired . | . . . . . Parts Built . | . . . . . Authchips . | . . . . . Time . | . . . . . Total Part Build Rating . | . . . . . Parts Repaired . | . . . . . Time . | . . . . . Parts Recycled . | . . . . . Recycled Matter . | . . . . . Retrieved Matter . | . . . . . Retrieved Components . | . . . . . Parts Scanalyzed . | . . . . . Part Schematics Acquired . | . . . . . Parts Damaged . | . . . . . Bothacking | -11 -10 -10 -9 -8 ------------ Run | Yrd Mat Min Mat Mat Used RIF Installer . | . . . . . Robots Hacked . | . . . . . Non-combat . | . . . . . Combat . | . . . . . Robot Hacks Applied . | . . . . . Relay Couplers Released . | . . . . . Fabnet Peak Effective % . | . . . . . Robots Rewired . | . . . . . Allies Hacked . | . . . . . Hacks Repelled . | . . . . . Allies | -11 -10 -10 -9 -8 -------- Run | Yrd Mat Min Mat Mat Total Allies . | . . . . . Largest Group . | . . . . . Highest-Rated Group . | . . . . . Highest-Rated Ally . | . . . . . Total Orders . | . . . . . Ally Attacks . | . . . . . Total Damage . | . . . . . Kills . | . . . . . Allies Corrupted . | . . . . . Allies Melted . | . . . . . Intel | -11 -10 -10 -9 -8 ------- Run | Yrd Mat Min Mat Mat Robot Analysis Total . | . . . . . Derelict Logs Recovered 1 | . . 1 . . Drone Launches . | . . . . . Drone Recoveries . | . . . . . Exploration | -11 -10 -10 -9 -8 ------------- Run | Yrd Mat Min Mat Mat Turns Passed 1387 | 171 178 500 207 331 Spaces Moved 796 | 73 133 308 172 110 Core 28 | . . . . 28 Treads . | . . . . . Legs 281 | 73 133 56 . 19 Wheels 487 | . . 252 172 63 Hover . | . . . . . Flight . | . . . . . Fastest Speed 95 | 120 120 95 95 95 Average Speed 110 | 120 120 99 95 148 Slowest Speed 300 | 120 120 120 95 300 Overloaded Moves . | . . . . . Propulsion Burnouts . | . . . . . Robots Hopped . | . . . . . Cave-ins Triggered . | . . . . . Exploration Rate (%) 29 | 4 30 83 26 6 Regions Visited 4 Branch Regions 1 Pre-discovered Areas . | . . . . . Known Exits Taken 1 | . . . 1 . Unknown Exits Taken 3 | 1 1 1 . . Scrap Searched 2 | . . 2 . . Spaces Dug 3 | . . . 1 2 Terrain Destroyed 43 | . . . 1 42 Melee . | . . . . . Projectile 3 | . . . 1 2 AOE 40 | . . . . 40 Terrain Rammed . | . . . . . Walls Destroyed . | . . . . . Machines Disabled . | . . . . . Actions | -11 -10 -10 -9 -8 --------- Run | Yrd Mat Min Mat Mat Total 1155 | 117 148 468 205 217 Wait 214 | 14 6 122 26 46 Move 792 | 72 132 307 171 110 Hop . | . . . . . Pick Up 18 | 4 2 6 . 6 Fast Attach 1 | . 1 . . . Attach 12 | 1 . . 2 9 Detach 2 | . 1 . . 1 Swap 7 | . . 3 1 3 Drop 13 | 1 3 7 . 2 Fire 88 | 25 3 23 5 32 Melee 8 | . . . . 8 Ram . | . . . . . Kick . | . . . . . Crush . | . . . . . Escape Stasis . | . . . . . Rewire . | . . . . . Trap . | . . . . . Miscellaneous . | . . . . . Route ------- -11/Scrapyard -10/Materials -10/Mines -9/Materials (discovered 2 exits: *Mat x2) -8/Materials History --------- Turn | Location | Event 29 | -11/Scrapyard | Discovered new exit (range 3) 172 | -11/Scrapyard | Entered Materials 295 | -10/Materials | Discovered new exit (range 13) 300 | -10/Materials | Build established: Mutant 350 | -10/Materials | Entered Mines 442 | -10/Mines | Met a Derelict shopkeep closing up shop 524 | -10/Mines | Received a Rocket Launcher from a helpful Derelict 833 | -10/Mines | Learned 4 Materials zone layouts 842 | -10/Mines | Discovered new exit (range 10) 850 | -10/Mines | Entered Materials 850 | -9/Materials | Evolved 2 slots: Utility x2 851 | -9/Materials | Identified exit to Materials 1051 | -9/Materials | Discovered exit to Materials (range 3) 1057 | -9/Materials | Entered another Materials area 1057 | -8/Materials | Evolved 2 slots: Utility x2 1146 | -8/Materials | Garrison activated, responded to threat 1354 | -8/Materials | Lost 3 parts (1p1u1w) 1363 | -8/Materials | Destroyed 7 combat bots 1388 | -8/Materials | Self-destructed Last Messages --------------- 01359_ U-05 Engineer builds a Wall. 01361_ U-05 Engineer lays Concrete. 01362_ K-01 Serf collects debris. 01362_ U-05 Engineer lays Concrete. 01364_ U-05 Engineer builds a Wall. 01364_ Acquired 19 matter. 01365_ U-05 Engineer lays Concrete. 01365_ K-01 Serf collects debris. 01366_ U-05 Engineer lays Concrete. 01368_ Melee Analysis Suite destroyed. 01368_ U-05 Engineer lays Concrete. 01375_ ALERT: Hostiles spotted, dispatching reinforcements to Terminal M006. 01376_ K-01 Serf collects debris. 01381_ ALERT: Hostiles spotted, dispatching reinforcements to Terminal M008. 01385_ C-30 ARC bursts open, deploying its payload. 01385_ S-10 Pest unfolds itself. 01388_ System Shield destroyed. Map ----- +----------------------------------------------------+ | ?????????????????????????????????????????????????? | | ?????????????????????????????????????????????????? | | ?????????????????????????????????????????????????? | | ?????????????????????????????????????????????????? | | ?????????????????????????????????????????????????? | | ?????????????????????????????????????????????????? | | ?????????????????????????????????????????????????? | | ?????????????????????????????????????????????????? | | ?????????????????????????????????????????????????? | | ?????????????????????????????????????????????????? | | ????????????????????????w ??????????????????????? | | ???????????????????????? ??????????????????????? | | ????????????????????????k #?????????????????????? | | ???????????????????????# #?????????????????????? | | ???????????????????????# #?????????????????????? | | ???????????????????????# #?????????????????????? | | ???????????????????????# #?????????????????????? | | ???????????????????????# #?????????????????????? | | ???????????????????????# #?????????????????????? | | ????????????????????#??# #?????????????????????? | | ???????????????#??????## #?????????????????????? | | ???????????????????????# #?????????????????????? | | ???????????#?????????#?# #?????????????????????? | | ??????????????#??#???### #?????????????????????? | | ?????????????#???##??### ##????????????????????? | | ????????"???######?##?## @ #?????????????????????? | | ??????????"??##????#???# ##????????????????????? | | ?????????????##?######?# #######???????????????? | | ???????? ?###?### # #####?? ???????????? | | ???????? ??#### # = #######??/???????????? | | ??????????? #?####### # % ######?#????? ???????? | | ???????####+####?## #Yss ######?## #??"" ?????? | | ?????? ?# ###### ##% s ######### # ??? ????? | | ????? ??# % # ?""??"???? | | ??????? + % / ? ? ??? | | ?????? # # ?"" ????? | | ????????# ###+ /% ###############???"? ? ??? | | ???#???#?####### # ###############?""???? ??? | | ???##?#??#######" % ##?########???? ? ????? | | ?????###??#?#?##" ] = #############?####?+###?? | | ?????##?#####?##" # ########## ?? # ???#? | | ??????#?########T # %#= # ? #??##?? | | ??????##?###?###" # *[#%= # ???+ ???? | | ????#??#####?###" !# /*[ % # ? ? #??? | | ?????????###?###" [ # *[#%% # ###?#?? | | ?????? ?####?## # ########### ?###??? | | ???? ?? ###?######### ###########? ?? #? ?? ? | | ?????????###??##################### ??"???? | | ??????? ?#?#################?###### ? ? # "? ? | | ????"?? ##################################?# ????? | +----------------------------------------------------+ Best States ------------- Heat Dissipation 31 Energy Generation 12 Energy Capacity 265 Matter Stores 300 Matter Capacity 300 Sight Range 16 Robot Scan Range 14 Terrain Scan Range 16 Terrain Scan Density 110 Evasion (%) 55 Melee Accuracy 5 Offensive Hacking 10 Defensive Hacking 10 Item Schematics ----------------- None Robot Schematics ------------------ None Fabricated ------------ Nothing Alien Tech Used ----------------- None Achievements -------------- None Challenges ------------ None Game ------ Seed FluxHybridStabilizer Manual? 0 Play Time 00:13:17 Cumulative 68.9 hours Start 2024.08.25 @ 19:47:19 End 2024.08.25 @ 19:57:36 Sessions 1 Manual Loads 0 Difficulty Rogue Special Mode None Game No. 114 Rogue 110 Adventurer 4 Explorer 0 Win Type - Total 0 Types 0/0/0/0/0/0/0/0/0 Lore% 31 Gallery% 44 Achievement% 35 Wizard Run 0 Options --------- Layout 2 ASCII 0 Keyboard 0 Movement Mouse Keybinds 0 Fullscreen 2 Font 24/Smallcaps Map View 50x44 Zoom Use 0% Tactical HUD 1 Map Filters NONE Filters NONE Steam 1 RUN: a91a17fb-96b8-41d0-8cd5-161482f1cd91